 Dungeon Sprint DCSS version 0.27-a0-1319-geec4fb4e21 (webtiles) character file.

Game seed: 5469913567095591879

22695 mhtbhm the Sorcerer (level 12, -14/53 HPs)
             Began as a Spriggan Earth Elementalist on June 21, 2021.
             Was the Champion of Vehumet.
             Hit by a large rock thrown by a stone giant (38 damage)
             ... in the Dungeon (Sprint IX: "|||||||||||||||||||||||||||||").
             The game lasted 00:14:18 (6963 turns).

mhtbhm the Sorcerer (Spriggan Earth Elementalist)   Turns: 6963, Time: 00:14:18

Health: -14/53     AC:  7    Str:  4    XL:     12   Next: 65%
Magic:  13/41      EV: 21    Int: 21    God:    Vehumet [******]
Gold:   7          SH:  0    Dex: 16    Spells: 8/59 levels left

rFire    + . .     SeeInvis +   l - +3 war axe "Cowegef" {protect, rElec}
rCold    . . .     Faith    .   (shield restricted)
rNeg     . . .     Spirit   .   b - +2 robe {rF+}
rPois    +         Reflect  .   (helmet restricted)
rElec    +         Harm     .   m - +0 cloak
rCorr    .         Rampage  .   (gloves unavailable)
Will     ++...     NoTele   +   (boots unavailable)
Stlth    +++.......             (no amulet)
HPRegen  0.17/turn              A - ring of poison resistance
MPRegen  0.27/turn              o - +2 ring of protection

@: very quick
A: very small, no large weapons, unfitting armour, see invisible, speed 3
a: Renounce Religion


You were in the Dungeon.
You worshipped Vehumet.
Vehumet was exalted by your worship.
You visited 1 branch You collected 1957 gold pieces.
You spent 1950 gold pieces at shops.

Inventory:

Hand Weapons
 l - the +3 war axe "Cowegef" (weapon) {protect, rElec}
   (You found it in the Dungeon)

   It grants its wielder temporary protection when it strikes (+7 to AC).
   It insulates you from electricity.
Missiles
 i - 32 stones
Armour
 b - a +2 robe of fire resistance (worn)
 m - a +0 cloak (worn)
 v - a +1 cloak of preservation
Jewellery
 o - a +2 ring of protection (right hand)
 z - a ring of willpower
 A - a ring of poison resistance (left hand)
 C - a ring of willpower
Wands
 k - a wand of acid (8)
 s - a wand of paralysis (4)
Scrolls
 h - 4 scrolls of blinking
 j - 3 scrolls of amnesia
 q - 10 scrolls of enchant armour
 r - 2 scrolls of identify
 w - a scroll of enchant weapon
 x - 2 scrolls of fog
 y - a scroll of fear
Potions
 a - a potion of invisibility
 c - 14 potions of curing
 d - 4 potions of heal wounds
 e - 3 potions of haste
 f - 5 potions of magic
 g - a potion of berserk rage
 p - 3 potions of brilliance
 t - a potion of mutation
 D - a potion of might
Miscellaneous
 u - a condenser vane


   Skills:
 + Level 1.3 Fighting
 + Level 2.6 Axes
 + Level 7.3 Dodging
 - Level 3.6 Stealth
 + Level 24.2 Spellcasting
 + Level 4.0 Conjurations
 + Level 1.0 Hexes
 + Level 8.7 Transmutations
 + Level 0.7 Fire Magic
 + Level 18.8 Earth Magic
 + Level 1.8 Poison Magic
 + Level 1.1 Evocations


You had 8 spell levels left.
You knew the following spells:

 Your Spells              Type           Power      Damage    Failure   Level
a - Sandblast             Erth           100%       2d20      0%          1
b - Passwall              Tmut/Erth      58%        N/A       0%          2
c - Stone Arrow           Conj/Erth      100%       3d13      1%          3
d - Lee's Rapid Deconstr  Erth           40%        3d21*     0%          5
e - Petrify               Tmut/Erth      70%        N/A       1%          4
f - Inner Flame           Hex/Fire       29%        N/A       1%          3
g - Olgreb's Toxic Radia  Pois           33%        N/A       1%          4
h - Fireball              Conj/Fire      17%        3d9       4%          5
i - Iron Shot             Conj/Erth      32%        9d7       1%          6
j - Shatter               Erth           40%        3d32*     17%         9
k - Fire Storm            Conj/Fire      17%        8d5       100%        9

Your spell library contained the following spells:

 Spells                   Type           Power      Damage    Failure   Level
 Polar Vortex             Ice            12%        N/A       100%        9


Dungeon Overview and Level Annotations

Branches:
Dungeon (1/1)

Altars:
Cheibriados
Dithmenos
Elyvilon
Fedhas
Gozag
Hepliaklqana
Kikubaaqudgha
Makhleb
Nemelex Xobeh
Okawaru
Qazlal
Ru
Sif Muna
Trog
Uskayaw
Vehumet
Wu Jian
Xom
Yredelemnul
Zin
The Shining One
Beogh
Jiyva
Lugonu

Shops:
D *[!*


Innate Abilities, Weirdness & Mutations

You are very small and have problems with some larger weapons.
You are too small for most types of armour.
You have supernaturally acute eyesight. (SInv)
You cover ground extremely quickly. (Speed+++)


Message History

Aim: a stone giant, quivering large rocks (moderately wounded)
The fireball explodes!
The fireball engulfs the stone giant!
The stone giant is moderately wounded.
The stone giant shouts!
Unknown command.
Unknown command.
Casting: Fireball (dangerous; 4% risk of failure)
Confirm with . or Enter, or press ? or * to list all spells.
Aiming: Fireball (dangerous; 4% risk of failure)
Press: ? - help, Shift-Dir - straight line, f/p - stone giant
Aim: a stone giant, quivering large rocks (moderately wounded)
The fireball explodes!
The fireball engulfs the stone giant!
The stone giant is heavily wounded.
The stone giant throws a large rock.
The large rock closely misses you.
Unknown command.
Unknown command.
Casting: Fireball (dangerous; 4% risk of failure)
Confirm with . or Enter, or press ? or * to list all spells.
Aiming: Fireball (dangerous; 4% risk of failure)
Press: ? - help, Shift-Dir - straight line, f/p - stone giant
Aim: a stone giant, quivering large rocks (heavily wounded)
The fireball explodes!
The fireball engulfs the stone giant!
The stone giant is severely wounded.
The fireball engulfs the stone giant.
The stone giant is lightly wounded.
The stone giant throws a large rock.
The large rock hits you!!
Ouch! That really hurt!
Unknown command.
Casting: Fireball (dangerous; 4% risk of failure)
Confirm with . or Enter, or press ? or * to list all spells.
Aiming: Fireball (dangerous; 4% risk of failure)
Press: ? - help, Shift-Dir - straight line, f/p - stone giant
Aim: a stone giant, quivering large rocks (severely wounded)
The fireball explodes!
The fireball engulfs the stone giant!
The stone giant is severely wounded.
The fireball engulfs the stone giant.
The stone giant is lightly wounded.
The stone giant throws a large rock.
The large rock hits you!!!
Ouch! That really hurt!
You die...

.'..[[[[..)............'.†.......
▓▓▓▓▓▓▓▓▓▓▓▓▓▓▓▓▓▓▓▓▓▓▓▓▓▓▓▓▓▓▓▓▓
....................)............
▓▓▓▓▓▓▓▓▓▓▓▓▓▓▓▓▓▓▓▓▓▓▓▓▓▓▓▓▓▓▓▓▓
......'...))∩.∩.∩.∩..).)[.......)
▓▓▓▓▓▓▓▓▓▓▓▓▓▓▓▓▓▓▓▓▓▓▓▓▓▓▓▓▓▓▓▓▓
.................................
▓▓▓▓▓▓▓▓▓▓▓▓▓▓▓▓▓▓▓▓▓▓▓▓▓▓▓▓▓▓▓▓▓
..CC....@.....)).........
▓▓▓▓▓▓▓▓▓▓▓▓▓▓▓▓▓▓▓▓▓▓▓▓▓


You could see 2 stone giants.

Vanquished Creatures
  A fire giant (D)
  An ettin (D)
  Josephine (D)
  2 rakshasas (D)
  An ogre mage (D)
  A hydra (D)
  2 centaur warriors (D)
  A deep troll shaman (D)
  An orc high priest (D)
  A deep troll earth mage (D)
  3 orc knights (D)
  4 ugly things (D)
  8 orc sorcerers (D)
  A deep elf pyromancer (D)
  An elephant (D)
  Maurice (D)
  A torpor snail (D)
  3 cane toads (D)
  A rime drake (D)
  A komodo dragon (D)
  2 unseen horrors (D)
  A troll (D)
  5 polar bears (D)
  4 wyverns (D)
  4 wraiths (D)
  2 yaks (D)
  A basilisk (D)
  A warg (shapeshifter) (D)
  3 water moccasins (D)
  7 orc warriors (D)
  3 black bears (D)
  A wolf (D)
  2 centaurs (D)
  A killer bee (D)
  3 orc priests (D)
  A gnoll shaman (D)
  12 orc wizards (D)
  A white imp (D)
  An ufetubus (D)
  An adder zombie (D)
  A dart slug (D)
  5 orcs (D)
  A goblin (D)
  2 ball python zombies (D)
  A bat (D)
  3 rats (D)
105 creatures vanquished.

Notes
Turn   | Place    | Note
-------+----------+-------------------------------------------
     0 | D        | mhtbhm the Spriggan Earth Elementalist began the quest for
                  | the Orb.
     0 | D        | Reached XP level 1. HP: 9/9 MP: 5/5
     6 | D        | Reached skill level 3 in Spellcasting
   269 | D        | Reached XP level 2. HP: 13/13 MP: 2/7
   285 | D        | Reached skill level 4 in Spellcasting
   368 | D        | Found a snail-covered altar of Cheibriados.
   368 | D        | Found a shadowy altar of Dithmenos.
   368 | D        | Found a white marble altar of Elyvilon.
   368 | D        | Found a blossoming altar of Fedhas.
   368 | D        | Found an opulent altar of Gozag.
   369 | D        | Found a hazy altar of Hepliaklqana.
   370 | D        | Found a viscous altar of Jiyva.
   371 | D        | Found an ancient bone altar of Kikubaaqudgha.
   372 | D        | Found a corrupted altar of Lugonu.
   373 | D        | Found a burning altar of Makhleb.
   374 | D        | Found a sparkling altar of Nemelex Xobeh.
   375 | D        | Found an iron altar of Okawaru.
   376 | D        | Found a stormy altar of Qazlal.
   377 | D        | Found a sacrificial altar of Ru.
   378 | D        | Found a shimmering blue altar of Sif Muna.
   379 | D        | Found a bloodstained altar of Trog.
   380 | D        | Found a hide-covered altar of Uskayaw.
   381 | D        | Found a radiant altar of Vehumet.
   382 | D        | Found an ornate altar of the Wu Jian Council.
   383 | D        | Found a shimmering altar of Xom.
   384 | D        | Found a basalt altar of Yredelemnul.
   385 | D        | Found a glowing silver altar of Zin.
   386 | D        | Found a glowing golden altar of the Shining One.
   389 | D        | Became a worshipper of Vehumet
   393 | D        | Learned a level 2 spell: Passwall
   406 | D        | Got the +3 war axe "Cowegef" {protect, rElec}
   424 | D        | Noticed an unseen horror
   424 | D        | Noticed a centaur
   424 | D        | Noticed a killer bee
   428 | D        | Killed a killer bee
   429 | D        | Reached skill level 5 in Spellcasting
   429 | D        | Reached XP level 3. HP: 14/16 MP: 4/11
   429 | D        | Reached XP level 4. HP: 19/21 MP: 4/12
   485 | D        | Learned a level 3 spell: Stone Arrow
   513 | D        | Reached * piety under Vehumet
   513 | D        | Offered knowledge of Freeze by Vehumet.
   514 | D        | Reached skill level 6 in Spellcasting
   542 | D        | Killed a centaur
   543 | D        | Reached skill level 5 in Dodging
   543 | D        | Reached skill level 7 in Spellcasting
   543 | D        | Reached XP level 5. HP: 24/24 MP: 6/16
   549 | D        | Learned a level 5 spell: Lee's Rapid Deconstruction
   613 | D        | Learned a level 4 spell: Petrify
   640 | D        | Killed an unseen horror
   641 | D        | Reached skill level 10 in Spellcasting
   641 | D        | Reached skill level 10 in Earth Magic
   641 | D        | Reached XP level 6. HP: 28/28 MP: 1/20
   869 | D        | Reached ** piety under Vehumet
   869 | D        | Offered knowledge of Static Discharge by Vehumet.
  1006 | D        | Noticed a polar bear
  1006 | D        | Noticed a centaur warrior
  1006 | D        | Noticed a troll
  1006 | D        | Noticed an unseen horror
  1006 | D        | Noticed a deep elf pyromancer
  1016 | D        | Killed a deep elf pyromancer
  1017 | D        | Reached skill level 1 in Axes
  1017 | D        | Reached skill level 12 in Spellcasting
  1017 | D        | Reached skill level 1 in Conjurations
  1017 | D        | Reached XP level 7. HP: 32/32 MP: 1/23
  1019 | D        | Killed an unseen horror
  1020 | D        | Reached XP level 8. HP: 37/37 MP: 14/25
  1022 | D        | Killed a troll
  1022 | D        | Reached *** piety under Vehumet
  1023 | D        | Reached skill level 1 in Fighting
  1023 | D        | Reached skill level 13 in Spellcasting
  1197 | D        | Offered knowledge of Frozen Ramparts by Vehumet.
  1530 | D        | Killed a centaur warrior
  1530 | D        | Offered knowledge of Fulminant Prism by Vehumet.
  1531 | D        | Reached skill level 15 in Spellcasting
  1531 | D        | Reached skill level 5 in Transmutations
  1531 | D        | Reached XP level 9. HP: 41/41 MP: 3/29
  1773 | D        | Noticed a cane toad
  1773 | D        | Noticed a cane toad
  1773 | D        | Noticed a rime drake
  1773 | D        | Noticed a four-headed hydra
  1798 | D        | Killed a four-headed hydra
  1799 | D        | Reached skill level 16 in Spellcasting
  1800 | D        | Killed a rime drake
  1800 | D        | Reached **** piety under Vehumet
  1838 | D        | Offered knowledge of Inner Flame by Vehumet.
  2099 | D        | Killed a cane toad
  2100 | D        | Reached skill level 17 in Spellcasting
  2106 | D        | Killed a cane toad
  2107 | D        | Reached XP level 10. HP: 45/45 MP: 13/32
  2111 | D        | Learned a level 3 spell: Inner Flame
  2118 | D        | Reached ***** piety under Vehumet
  2118 | D        | Offered knowledge of Airstrike by Vehumet.
  2374 | D        | Noticed a cane toad
  2377 | D        | Killed a cane toad
  2438 | D        | Noticed a torpor snail
  2438 | D        | Noticed an elephant
  2442 | D        | Reached skill level 18 in Spellcasting
  2475 | D        | Killed an elephant
  2643 | D        | Killed a torpor snail
  2930 | D        | Reached skill level 19 in Spellcasting
  3152 | D        | Reached skill level 15 in Earth Magic
  3522 | D        | Reached ****** piety under Vehumet
  3731 | D        | Noticed Josephine
  3761 | D        | Offered knowledge of Olgreb's Toxic Radiance by Vehumet.
  3765 | D        | Killed Josephine
  3766 | D        | Reached skill level 20 in Spellcasting
  3766 | D        | Reached XP level 11. HP: 49/49 MP: 1/36
  3959 | D        | Learned a level 4 spell: Olgreb's Toxic Radiance
  4020 | D        | Noticed Maurice
  4025 | D        | Killed Maurice
  4192 | D        | Offered knowledge of Fireball by Vehumet.
  4496 | D        | Noticed an ettin
  4507 | D        | Killed an ettin
  4608 | D        | Learned a level 5 spell: Fireball
  4608 | D        | Noticed an orc high priest
  4617 | D        | Offered knowledge of Bolt of Magma by Vehumet.
  4618 | D        | Killed an orc high priest
  4619 | D        | Reached skill level 21 in Spellcasting
  4619 | D        | Reached skill level 1 in Hexes
  4619 | D        | Reached skill level 1 in Poison Magic
  4636 | D        | Noticed an orc knight
  4896 | D        | Killed an orc knight
  4989 | D        | Noticed an orc knight
  4995 | D        | Killed an orc knight
  5041 | D        | Offered knowledge of Orb of Destruction by Vehumet.
  5204 | D        | Found Ymauved's Assorted Antiques.
  5204 | D        | Noticed an orc sorcerer
  5204 | D        | Noticed an orc sorcerer
  5204 | D        | Noticed an orc sorcerer
  5208 | D        | Killed an orc sorcerer
  5210 | D        | Killed an orc sorcerer
  5215 | D        | Killed an orc sorcerer
  5219 | D        | Noticed an orc sorcerer
  5221 | D        | Killed an orc sorcerer
  5222 | D        | Reached skill level 22 in Spellcasting
  5246 | D        | Noticed an orc sorcerer
  5251 | D        | Offered knowledge of Iron Shot by Vehumet.
  5429 | D        | Killed an orc sorcerer
  5548 | D        | Found Faemagin's Distillery.
  5551 | D        | Found Aqiycoj's Antique Armour Boutique.
  5554 | D        | Found Xesmupyps's Assorted Antiques.
  5558 | D        | Noticed an orc sorcerer
  5559 | D        | Noticed an orc sorcerer
  5565 | D        | Noticed an orc sorcerer
  5567 | D        | Killed an orc sorcerer
  5567 | D        | Killed an orc sorcerer
  5570 | D        | Killed an orc sorcerer
  5571 | D        | Reached XP level 12. HP: 47/53 MP: 13/39
  5601 | D        | Bought a condenser vane for 880 gold pieces
  5605 | D        | Bought a glowing cloak for 157 gold pieces
  5607 | D        | Bought 2 potions of curing for 78 gold pieces
  5607 | D        | Bought a potion of magic for 104 gold pieces
  5607 | D        | Bought a potion of curing for 39 gold pieces
  5607 | D        | Bought a potion of curing for 39 gold pieces
  5609 | D        | Bought a potion of magic for 192 gold pieces
  5609 | D        | Bought a potion of curing for 72 gold pieces
  5615 | D        | Bought a scroll of blinking for 165 gold pieces
  5629 | D        | Bought a scroll labelled XEATOEDOESH for 22 gold pieces
  5629 | D        | Bought a scroll labelled XATO NIWOLIROA for 22 gold pieces
  5629 | D        | Bought a scroll of identify for 44 gold pieces
  5629 | D        | Bought a scroll of identify for 44 gold pieces
  5629 | D        | Bought a scroll of identify for 44 gold pieces
  5635 | D        | Bought a scroll labelled XATO NIWOLIROA for 24 gold pieces
  5635 | D        | Bought a scroll labelled OTYUJOBBELEI for 24 gold pieces
  5796 | D        | Found the +11 plutonium sword {Contam Stlth-}
  5803 | D        | Learned a level 6 spell: Iron Shot
  5852 | D        | Noticed a centaur warrior
  5860 | D        | Killed a centaur warrior
  5860 | D        | Offered knowledge of Lehudib's Crystal Spear by Vehumet.
  5865 | D        | Reached skill level 23 in Spellcasting
  5866 | D        | Noticed an ogre mage
  6137 | D        | Killed an ogre mage
  6296 | D        | Offered knowledge of Fire Storm by Vehumet.
  6296 | D        | Offered knowledge of Shatter by Vehumet.
  6296 | D        | Offered knowledge of Polar Vortex by Vehumet.
  6388 | D        | Learned a level 9 spell: Shatter
  6398 | D        | Learned a level 9 spell: Fire Storm
  6414 | D        | Noticed a deep troll shaman
  6416 | D        | Noticed a rakshasa
  6419 | D        | Killed a deep troll shaman
  6424 | D        | Killed a rakshasa
  6484 | D        | Noticed a fire giant
  6706 | D        | Killed a fire giant
  6707 | D        | Reached skill level 24 in Spellcasting
  6707 | D        | Reached skill level 1 in Evocations
  6717 | D        | Noticed a deep troll earth mage
  6721 | D        | Killed a deep troll earth mage
  6830 | D        | Noticed a rakshasa
  6835 | D        | Killed a rakshasa
  6956 | D        | Noticed a stone giant
  6958 | D        | Noticed a stone giant
  6963 | D        | Hit by a large rock thrown by a stone giant

Illustrated notes

Levels and vault maps discovered:
D:        linesprint [early_d, line_temple, items_1, d_10, items_2, lair_1,
          lair_end, items_3, orc_1, orc_end, items_4, d_15, swamp_1, shoals_1,
          snake_1, spider_1, d_20, vaults_1, items_5, swamp_end, shoals_end,
          snake_end, spider_end, vaults_end, d_27, items_6, zot_1, zot_end,
          crypt_end, forest_end, elf_end, slime_end, tomb_end, abyss_end,
          pan_hell_end]

Skill      XL: |  1  2  3  4  5  6  7  8  9 10 11 12 |
---------------+-------------------------------------+-----
Earth Magic    | 4 6 7 10 11 12 13 15 17 18 | 18.8
Spellcasting   | 3 5 7 10 12 15 17 20 22 24 | 24.2
Dodging        | 3 4 5 6 7 |  7.3
Transmutations | 2 3 4 5 6 7 8 |  8.7
Axes           | 1 2 |  2.6
Conjurations   | 1 2 3 4 |  4.0
Fighting       | 1 |  1.3
Hexes          | 1 |  1.0
Poison Magic   | 1 |  1.8
Evocations     | 1 |  1.1
Stealth        | |  3.6
Fire Magic     | |  0.7

Action                   |  1- 3 |  4- 6 |  7- 9 | 10-12 || total
-------------------------+-------+-------+-------+-------++-------
Melee: War axe           |       |     1 |     1 |       ||     2
 Cast: Sandblast         |    16 |     2 |       |     1 ||    19
       Stone Arrow       |       |    10 |     7 |    32 ||    49
       Lee's Rapid Decon |       |     2 |    18 |   112 ||   132
       Petrify           |       |     4 |     5 |    29 ||    38
       Olgreb's Toxic Ra |       |       |       |     3 ||     3
       Inner Flame       |       |       |       |     2 ||     2
       Fireball          |       |       |       |     8 ||     8
       Iron Shot         |       |       |       |     6 ||     6
Evoke: Wand              |       |       |       |     2 ||     2
  Use: Scroll            |       |     1 |       |     4 ||     5
       Potion            |       |       |     1 |       ||     1
Armor: Robe              |       |     7 |     2 |       ||     9
Dodge: Dodged            |     4 |    17 |     4 |    10 ||    35

Table legend: (Time is in decaauts)
 A = Elapsed time spent in this place.
 B = Non-inter-level travel time spent in this place.
 C = Inter-level travel time spent in this place.
 D = Time resting spent in this place.
 E = Time spent auto-exploring this place.
 F = Levels seen in this place.
 G = Mean time per level.
                   A        B        C        D        E       F      G
               +--------+--------+--------+--------+--------+-----+--------+
         Total |   6349 |   6349 |      0 |   4619 |    773 |   1 | 6349.0 |
       Dungeon |   6349 |   6349 |      0 |   4619 |    773 |   1 | 6349.0 |
               +--------+--------+--------+--------+--------+-----+--------+

Top non-repeatable levels by time:
       D: 6349 daAuts
